 Dungeon Crawl Stone Soup version 0.20-a0-723-gf57855b (webtiles) character file.

67664 Angani the Grappler (level 14, -10/140 HPs)
             Began as a Troll Assassin on Feb 22, 2017.
             Was the Champion of Ieoh Jian.
             Mangled by a very large slime creature (50 damage)
             ... on level 13 of the Dungeon.
             The game lasted 00:48:22 (18429 turns).

Angani the Grappler (Troll Assassin)               Turns: 18429, Time: 00:48:23

Health: -10/140    AC: 11    Str: 28    XL:     14   Next: 83%
Magic:  13/13      EV: 11    Int:  7    God:    Ieoh Jian [******]
Gold:   828        SH: 13    Dex:  7    Spells: 13/13 levels left

rFire    + + .     SeeInvis .     - Unarmed
rCold    + . .     Gourm    +   V - +0 steam dragon scales
rNeg     + . .     Faith    .   B - +2 shield
rPois    .         Spirit   .   (helmet restricted)
rElec    .         Reflect  .   d - +0 cloak
rCorr    .         Harm     .   (gloves unavailable)
MR       +....                  (boots unavailable)
Stlth    ++........             Q - amulet of Qumym {rN+ Regen+ Str+2 Dex-4}
Regen    1.2/turn               t - +2 ring of evasion
MPRegen  0.2/turn               y - ring of protection from fire

@: no status effects
A: unfitting armour, antennae 1, claws 3, cold resistance 1, fire resistance 1,
fast metabolism 3, gourmand, regeneration 1, shaggy fur 1, tough skin 2
a: Serpent's Lash, Heaven On Earth, Renounce Religion


You were on level 13 of the Dungeon.
You worshipped Ieoh Jian.
Ieoh Jian was exalted by your worship.
You were not hungry.

You visited 3 branches of the dungeon, and saw 20 of its levels.
You also visited: Labyrinth and Volcano.

You collected 1363 gold pieces.
You spent 535 gold pieces at shops.

Inventory:

Hand Weapons
 b - a +6 blowgun
 O - the +8 whip "Snakebite" {curare, rPois}
   (You found it on level 1 of the Lair of Beasts)

   It poisons the flesh of those it strikes.
   It protects you from poison.
Missiles
 e - 39 poisoned needles
 f - 2 curare-tipped needles
 F - 6 needles of confusion
 R - 5 large rocks (quivered)
Armour
 d - a +0 cloak (worn)
 B - a +2 shield (worn)
 V - +0 steam dragon scales (worn)
Jewellery
 c - a +5 amulet of reflection
 s - an uncursed ring of protection from cold
 t - a +2 ring of evasion (right claw)
 y - a ring of protection from fire (left claw)
 M - an uncursed ring of resist corrosion
 Q - the amulet of Qumym (around neck) {rN+ Regen+ Str+2 Dex-4}
   (You found it on level 6 of the Lair of Beasts)

   [amulet of regeneration]

   It affects your strength (+2).
   It affects your dexterity (-4).
   It protects you from negative energy.
   It increases your rate of regeneration.
 W - the ring of Muaniom {*Tele rElec}
   (You found it on level 11 of the Dungeon)

   [ring of teleportation]

   It may teleport you next to monsters.
   It insulates you from electricity.
Wands
 i - a wand of iceblast (1/15)
 H - a wand of disintegration (24/24)
 J - a wand of digging (8/24)
 K - a wand of lightning (6/15)
 L - a wand of digging (9/24)
 P - a wand of random effects (17/48)
Scrolls
 a - 9 scrolls of remove curse
 h - 5 scrolls of fog
 j - 4 scrolls of recharging
 l - 4 scrolls of magic mapping
 m - 13 scrolls of teleportation
 n - a scroll of vulnerability
 r - 2 scrolls of fear
 v - a scroll of summoning {unknown}
 D - 3 scrolls of blinking {unknown}
 I - a scroll of silence {unknown}
 U - 4 scrolls of amnesia
 X - 2 scrolls of immolation
Potions
 o - a potion of cancellation
 p - 5 potions of brilliance
 q - 2 potions of agility
 w - 5 potions of heal wounds
 x - 4 potions of berserk rage
 z - 2 potions of haste
 A - 3 potions of curing
 E - a potion of degeneration
 G - a potion of invisibility
 N - a potion of lignification
 S - 3 potions of resistance
 T - 7 potions of flight
Comestibles
 g - 17 bread rations
 k - 8 royal jellies
 u - 15 fruits
 C - 5 meat rations


   Skills:
 - Level 9.2 Fighting
   Level 1.5 Short Blades
 - Level 12.0 Maces & Flails
 - Level 1.7 Throwing
 - Level 8.0 Armour
 - Level 0.7 Dodging
 - Level 2.1 Stealth
 - Level 9.0 Shields
 + Level 14.6 Unarmed Combat


You had 13 spell levels left.
You didn't know any spells.

Dungeon Overview and Level Annotations

Branches:
Dungeon (13/15)            Temple (1/1) D:6            Lair (6/6) D:10
  Swamp (0/4) Lair:2        Snake (0/4) Lair:4        Slime (0/5) Lair:5
    Orc (0/2) D:11
 Vaults: D:13-14

Altars:
Ashenzari
Cheibriados
Dithmenos
Elyvilon
Fedhas
Gozag
Hepliaklqana Ieoh Jian
Kikubaaqudgha
Nemelex Xobeh
Qazlal
Ru
Sif Muna
Uskayaw
Vehumet
Xom
Yredelemnul
Zin
The Shining One
Jiyva

Shops:
D:5 =}   D:6 (   D:8 (   D:10 }

Portals:
Trove: D:12 (give +5 demon trident)

Annotations:
D:3 exclusions: downstairs and 3 more exclusions, Blork the orc


Innate Abilities, Weirdness & Mutations

You are too large for most types of armour.
You have claws for hands.
Your metabolism is lightning-fast.
You like to eat raw meat.
Your natural rate of healing is unusually fast.
You are covered in fur. (AC +1)
You have very tough skin. (AC +2)
You have a pair of small antennae on your head.
Your flesh is cold resistant. (rC+)
Your flesh is heat resistant. (rF+)


Message History

You scratch the tengu warrior.
The tengu warrior is almost dead.
The tengu warrior hits you with a war axe!
* * * LOW HITPOINT WARNING * * *
The tengu warrior pecks you but does no damage.
You block the tengu warrior's attack.
You spin and attack the hound.
You barely miss the hound.
You spin and attack the very large slime creature.
You mangle the very large slime creature!!
The very large slime creature is moderately wounded.
The hound misses you.
You block the very large slime creature's attack.
The hound stops to sniff the ground.
The hound barely misses you.
You mangle the tengu warrior!!
You kill the tengu warrior!
The Council accepts your kill. The hound closely misses you.
The very large slime creature hits you!!!
You die...

..#...#....#
......#....#
......#....#
......#....#
......#....#
#######....##########
......#....#........#
......'....#........#
......#....#....@h..#
......#....#....)J..#
..#####....#####....#
..#...#.≈...)†......#
..#...#≈≈P...†...)..#
..#...#≈P≈..........#
..#...#.≈≈..........#
#.#...#..♣..........#
......#.............#


You could see a very large slime creature and a hound.

Vanquished Creatures
  A minotaur (Lab)
  4 hydras
  4 catoblepae
  4 two-headed ogres
  A centaur warrior (D:13)
  The ghost of cortexin the Covert, a journeyman OpAs of Gozag (D:10)
  4 tengu warriors
  Urug (D:10)
  12 death yaks
  An unseen horror (D:13)
  A lindwurm (Lair:5)
  2 deep elf magi
  An oklob plant (D:7)
  2 manticores (Lair:6)
  A cyclops (D:11)
  9 black mambas
  The ghost of MirrMurr the Cleaver, a novice MiFi of Okawaru (D:6)
  2 toenail golems (Volcano)
  2 centaur zombies (D:10)
  Psyche (D:10)
  5 elephants
  11 spiny frogs
  A gargoyle (Lair:1)
  A molten gargoyle (Volcano)
  2 efreet (Volcano)
  3 rime drakes
  5 komodo dragons
  2 tengu conjurers (D:13)
  7 trolls
  A polar bear (Lair:5)
  A tyrant leech (Lair:2)
  A dream sheep (Lair:4)
  A slime creature (D:13)
  10 blink frogs
  2 hippogriffs
  A meliai zombie (D:13)
  2 spriggans (Lair:5)
  A shadow (D:12)
  Sigmund (D:2)
  55 yaks
  4 wyverns
  8 humans (D:10)
  7 fire elementals
  A hungry ghost (D:8)
  5 fire bats (Lair:2)
  A basilisk (Lair:2)
  A steam dragon (Lair:3)
  An acid dragon (D:10)
  18 water moccasins
  6 porcupines
  11 orc warriors
  4 sky beasts
  An ice beast (D:8)
  2 black bears
  3 ogres
  3 phantoms
  12 wolves
  2 eyes of draining
  8 centaurs
  5 big kobolds
  12 crocodiles
  22 bullfrogs
  An earth elemental (Volcano)
  A gnoll sergeant (D:11)
  2 wyvern skeletons
  7 scorpions
  10 killer bees
  A troll skeleton (Lab)
  A howler monkey (D:4)
  11 wights
  An electric eel (D:13)
  2 spriggan skeletons (Lab)
  4 crimson imps
  Crazy Yiuf (D:4)
  4 bullfrog zombies
  A quasit (D:11)
  4 centaur skeletons
  2 jellies
  7 hounds
  2 bullfrog skeletons
  7 orc priests
  6 orc wizards
  Ijyb (D:10)
  Terence (D:2)
  2 hell rats
  3 iguanas
  9 worker ants
  A hound zombie (D:8)
  2 howler monkey zombies
  2 hound skeletons (D:8)
  A worker ant zombie (D:10)
  Robin (D:4)
  A howler monkey skeleton (D:4)
  4 gnolls
  2 river rats (D:10)
  14 adders
  A shadow imp (D:11)
  An ooze (D:3)
  An adder skeleton (D:5)
  3 worms
  2 dart slugs (D:1)
  5 leopard geckos
  59 orcs
  7 bats
  4 giant cockroaches
  17 goblins
  6 hobgoblins
  13 jackals
  15 kobolds
  8 quokkas
  A ball python (D:6)
  5 frilled lizards
  A quokka zombie (D:7)
  6 rats
  2 fire vortices
581 creatures vanquished.

Vanquished Creatures (others)
  Nessos (Lair:6)
  A kobold (D:8)
  7 fungi
  6 plants
15 creatures vanquished.

Grand Total: 596 creatures vanquished

Notes
Turn   | Place    | Note
-------+----------+-------------------------------------------
     0 | D:1      | Angani the Troll Assassin began the quest for the Orb.
     0 | D:1      | Reached XP level 1. HP: 19/19 MP: 0/0
    53 | D:1      | Reached skill level 1 in Unarmed Combat
    80 | D:1      | Reached XP level 2. HP: 27/27 MP: 1/1
   176 | D:1      | Reached skill level 2 in Unarmed Combat
   559 | D:1      | Reached XP level 3. HP: 30/33 MP: 2/2
   709 | D:2      | Noticed Sigmund
   722 | D:2      | Killed Sigmund
   722 | D:2      | Reached skill level 5 in Unarmed Combat
   722 | D:2      | Reached XP level 4. HP: 19/41 MP: 3/3
   722 | D:2      | Reached XP level 5. HP: 22/48 MP: 4/4
  1097 | D:2      | Noticed Terence
  1109 | D:2      | Killed Terence
  1233 | D:3      | Reached skill level 6 in Unarmed Combat
  1233 | D:3      | Reached XP level 6. HP: 48/55 MP: 5/5
  1503 | D:3      | Noticed Blork the orc
  2094 | D:4      | Reached skill level 7 in Unarmed Combat
  2107 | D:4      | Reached XP level 7. HP: 35/62 MP: 6/6
  2178 | D:4      | Found a runed door.
  2184 | D:4      | Noticed Crazy Yiuf
  2189 | D:4      | Killed Crazy Yiuf
  2392 | D:4      | Reached skill level 8 in Unarmed Combat
  2439 | D:4      | Noticed Robin
  2460 | D:4      | Killed Robin
  2887 | D:5      | Entered Level 5 of the Dungeon
  3165 | D:5      | Found Mur Vusch's Gadget Boutique.
  3322 | D:5      | Found a shadowy altar of Dithmenos.
  3340 | D:5      | Found Emakomna's Jewellery Shop.
  3585 | D:6      | Reached skill level 9 in Unarmed Combat
  3739 | D:6      | Found Erisacha's Antique Weapon Shoppe.
  3762 | D:6      | Found an opulent altar of Gozag.
  3763 | D:6      | Found a sparkling altar of Nemelex Xobeh.
  3814 | D:6      | Found a staircase to the Ecumenical Temple.
  3827 | D:6      | Reached XP level 8. HP: 70/70 MP: 7/7
  4030 | D:7      | Found a glowing silver altar of Zin.
  4039 | D:7      | Found a snail-covered altar of Cheibriados.
  4122 | D:7      | Found a shimmering altar of Xom.
  4127 | D:7      | Noticed an oklob plant
  4134 | D:7      | Killed an oklob plant
  4134 | D:7      | Reached skill level 10 in Unarmed Combat
  4196 | D:7      | Reached skill level 1 in Shields
  4322 | Temple   | Entered the Ecumenical Temple
  4344 | Temple   | Became a worshipper of the Ieoh Jian Council
  4659 | D:6      | Noticed MirrMurr's ghost (novice MiFi)
  4673 | D:6      | Killed MirrMurr's ghost
  4673 | D:6      | Reached skill level 5 in Shields
  4673 | D:6      | Reached XP level 9. HP: 64/76 MP: 8/8
  5552 | D:8      | Noticed a two-headed ogre
  5558 | D:8      | Killed a two-headed ogre
  5558 | D:8      | Reached * piety under Ieoh Jian
  5734 | D:8      | Found Hemy's Antique Weapon Emporium.
  5893 | D:8      | Reached XP level 10. HP: 81/85 MP: 9/9
  6324 | D:9      | Found a blossoming altar of Fedhas.
  6347 | D:9      | Reached ** piety under Ieoh Jian
  6799 | D:9      | Gained mutation: Your spells are a little easier to cast, but a little less powerful. [mutagenic meat]
  6800 | D:9      | Gained mutation: Scrolls take you a little longer to read. [mutagenic meat]
  6801 | D:9      | Gained mutation: Your body sometimes deteriorates upon taking damage. [mutagenic meat]
  6802 | D:9      | Lost mutation: Your spells are a little easier to cast, but a little less powerful. [mutagenic meat]
  7033 | D:9      | Found an ancient bone altar of Kikubaaqudgha.
  7100 | D:9      | Noticed a two-headed ogre
  7109 | D:9      | Killed a two-headed ogre
  7109 | D:9      | Reached skill level 5 in Fighting
  7178 | D:10     | Entered Level 10 of the Dungeon
  7186 | D:10     | Found a runed door.
  7203 | D:10     | Found Nenky's Gadget Emporium.
  7267 | D:10     | Reached XP level 11. HP: 48/109 MP: 10/10
  7401 | D:10     | Noticed Psyche
  7407 | D:10     | Killed Psyche
  7407 | D:10     | Reached skill level 1 in Armour
  7436 | D:10     | Noticed a death yak
  7437 | D:10     | Noticed cortexin's ghost (journeyman OpAs)
  7437 | D:10     | Found a staircase to the Lair.
  7437 | D:10     | Noticed a death yak
  7438 | D:10     | Noticed a death yak
  7587 | D:9      | Killed a death yak
  7953 | D:5      | Bought a +5 amulet of reflection for 535 gold pieces
  8124 | D:10     | Reached *** piety under Ieoh Jian
  8152 | D:10     | Noticed Urug
  8166 | D:10     | Killed Urug
  8171 | Lair:1   | Entered Level 1 of the Lair of Beasts
  8177 | Lair:1   | Reached skill level 5 in Armour
  8367 | D:10     | Found a runed door.
  8369 | D:10     | Found a runed door.
  8376 | D:10     | Found a runed door.
  8390 | D:10     | Noticed Ijyb
  8400 | D:10     | Killed Ijyb
  8712 | D:9      | Killed a death yak
  8712 | D:9      | Reached **** piety under Ieoh Jian
  8895 | D:10     | Killed a death yak
  8951 | D:10     | Killed cortexin's ghost
  9008 | Lair:1   | Lost mutation: Your body sometimes deteriorates upon taking damage. [potion of mutation]
  9008 | Lair:1   | Lost mutation: Scrolls take you a little longer to read. [potion of mutation]
  9008 | Lair:1   | Gained mutation: Your flesh is heat resistant. (rF+) [potion of mutation]
  9008 | Lair:1   | Gained mutation: Your flesh is cold resistant. (rC+) [potion of mutation]
  9008 | Lair:1   | Gained mutation: You have a pair of small antennae on your head. [potion of mutation]
  9164 | Lair:1   | Reached XP level 12. HP: 118/118 MP: 11/11
  9170 | Lair:1   | Reached skill level 11 in Unarmed Combat
  9624 | Lair:1   | Reached skill level 12 in Unarmed Combat
  9636 | Lair:1   | HP: 5/118 [water moccasin (2)]
 10032 | Lair:2   | Reached skill level 1 in Maces & Flails
 10056 | Lair:2   | Found a labyrinth entrance.
 10061 | Lab      | Entered a labyrinth
 10378 | Lab      | Noticed a minotaur
 10383 | Lab      | Killed a minotaur
 10462 | Lair:2   | Found a dark tunnel.
 10469 | Volcano  | Entered a volcano
 10523 | Volcano  | Reached ***** piety under Ieoh Jian
 10609 | Volcano  | Reached skill level 5 in Maces & Flails
 11150 | Lair:2   | Found a staircase to the Swamp.
 11567 | Lair:3   | Reached XP level 13. HP: 124/124 MP: 12/12
 12998 | Lair:4   | Reached skill level 10 in Maces & Flails
 13002 | Lair:4   | Found a staircase to the Snake Pit.
 13859 | Lair:5   | Found a staircase to the Slime Pits.
 13859 | Lair:5   | Found a viscous altar of Jiyva.
 13976 | Lair:5   | HP: 6/124 [rime drake/flash freeze (4)]
 14220 | Lair:5   | Reached ****** piety under Ieoh Jian
 14533 | Lair:6   | Entered Level 6 of the Lair of Beasts
 14803 | Lair:6   | Reached XP level 14. HP: 135/135 MP: 13/13
 15220 | Lair:6   | Got a translucent bronze amulet
 15615 | Lair:6   | Noticed Nessos
 15625 | Lair:6   | Killed Nessos
 16017 | D:11     | Identified the amulet of Qumym {rN+ Regen+ Str+2 Dex-4} (You found it on level 6 of the Lair of Beasts)
 16117 | D:11     | Reached skill level 13 in Unarmed Combat
 16476 | D:11     | Found a staircase to the Orcish Mines.
 16619 | D:11     | Got a heavily runed steel ring
 16695 | D:11     | Identified the ring of Muaniom {*Tele rElec} (You found it on level 11 of the Dungeon)
 17206 | D:12     | Found a portal to a secret trove of treasure.
 17214 | D:12     | Found an ornate altar of the Ieoh Jian Council.
 17914 | D:13     | Reached skill level 14 in Unarmed Combat
 18429 | D:13     | Mangled by a very large slime creature

Vault maps used:
D:1:      doesnt_arrival_goblin_jail
D:2:      minmay_misc_feat_chi, uniq_sigmund, uniq_terence
D:3:      minmay_misc_feat_plants, minivault_27, tgw_sif
D:4:      nicolae_overflow_hidden_temple, uniq_robin, uniq_crazy_yiuf_cottage
D:5:      lemuel_upstairs_altar, grunt_dithmenos_smoke_and_mirrors, first_bread,
          serial_shops, shop, shop
D:6:      grunt_temple_overflow_opulence, minmay_temple_entry_from_below_a,
          serial_shops, nicolae_shop_statue_plus
D:7:      amethyst_overflow_temple_binary, lemuel_oklob_altar
D:8:      serial_shops, nicolae_shop_overgrown_old_shop
D:9:      lemuel_crystal_altar, kennysheep_mini
D:10:     erik_cavepeople, dpeg_lair_monsters, serial_shops,
          nicolae_shop_behind_doors, uniq_urug, uniq_psyche
D:11:     kennysheep_orc_monster_closet_entryway
D:12:     enter_trove_0, basic_altar, grunt_tengu_nest
D:13:     serial_bayou, serial_bayou_lake_a, serial_bayou_crossing,
          serial_bayou_ford_a, serial_bayou_pond_e
Temple:   minmay_temple_bridge_abc
Lair:1:   minmay_guarded_unrand_snakebite, lemuel_fruit_fields,
          lemuel_fruit_fields, grunt_megastairs_3
Lair:2:   minmay_swamp_entry_worms, lab_entry_generic, enter_volcano_4,
          grunt_megastairs_5
Lair:3:   infiniplex_staircase_pool
Lair:4:   dummy_snake_entry
Lair:5:   slime_altar_1, fungi_pond_lemuel, minivault_19, forest_entry_grove,
          grunt_megastairs_4
Lair:6:   evilmike_catoblepas_cave, uniq_nessos
Lab:      lab_fountain, labyrinth_skeletal_remains
Volcano:  volcano_aerie

Skill      XL: |  1  2  3  4  5  6  7  8  9 10 11 12 13 14 |
---------------+-------------------------------------------+-----
Unarmed Combat | 1 2 5 6 7 9 10 12 14 | 14.6
Shields        | 5 8 9 |  9.0
Fighting       | 7 9 |  9.2
Armour         | 8 |  8.0
Maces & Flails | 7 12 | 12.0
Short Blades   | |  1.5
Throwing       | |  1.7
Dodging        | |  0.7
Stealth        | |  2.1

Action                   |  1- 3 |  4- 6 |  7- 9 | 10-12 | 13-15 || total
-------------------------+-------+-------+-------+-------+-------++-------
Melee: Unarmed           |    74 |   103 |   309 |   782 |    82 ||  1350
       Punch             |       |       |     6 |       |       ||     6
       Whip              |       |       |       |       |  1034 ||  1034
Evoke: Wand              |       |       |       |       |     1 ||     1
  Use: Scroll            |       |       |       |    28 |    10 ||    38
       Potion            |       |       |       |     2 |     1 ||     3
 Stab: Sleeping          |     4 |     4 |     4 |     5 |     3 ||    20
       Distracted        |     1 |       |       |     1 |     1 ||     3
  Eat: Chunk             |     9 |    15 |    33 |    49 |    52 ||   158
       Fruit             |       |       |       |    12 |    12 ||    24
Armor: Robe              |    33 |    24 |    83 |    14 |       ||   154
       Troll leather arm |       |       |       |    80 |     2 ||    82
       Steam dragon scal |       |       |       |       |   121 ||   121
Dodge: Dodged            |    25 |    54 |   102 |   153 |   163 ||   497
Block: Other             |       |     5 |     7 |       |       ||    12
       Shield            |       |       |    94 |   428 |   460 ||   982
       Reflection        |       |       |     4 |    11 |     7 ||    22
